 Dungeon Crawl Stone Soup version 0.25-a0-185-g6cfeca75b2 (webtiles) character file.

Game seed: 5427514236806279204, levelgen mode: deterministic

56525 MrRokkomies the Warrior (level 14, -8/135 HPs)
             Began as a Ghoul Abyssal Knight on Nov 28, 2019.
             Was the Champion of Lugonu.
             Hit by a boomerang thrown by an orc warrior (10 damage)
             ... on level 11 of the Dungeon.
             The game lasted 00:47:54 (17556 turns).

MrRokkomies the Warrior (Ghoul Abyssal Knight)     Turns: 17556, Time: 00:47:55

Health: -8/135     AC: 22    Str: 21    XL:     14   Next: 82%
Magic:  15/21      EV: 14    Int:  7    God:    Lugonu [******]
Gold:   1485       SH:  0    Dex:  8    Spells: 13/13 levels left

rFire    + . .     SeeInvis .   T - +0 quarterstaff (freeze)
rCold    + + .     Gourm    .   (shield currently unavailable)
rNeg     + + +     Faith    .   w - +8 chain mail of the Griffon {rF+ rC+}
rPois    ∞         Spirit   .   H - +2 hat
rElec    .         Reflect  .   Z - scarf {cloud immunity}
rCorr    .         Harm     .   r - +0 pair of gloves (curse)
MR       +....                  (no boots)
Stlth    ..........             F - amulet of regeneration
HPRegen  0.00/turn              o - +3 ring of evasion
MPRegen  0.17/turn              M - +2 ring of evasion

@: very slightly contaminated, rotting
A: rotting body, claws 1, carnivore, cold resistance 1, negative energy
resistance 3, inhibited regeneration, torment resistance, unbreathing
a: Depart the Abyss, Bend Space, Banish, Corrupt, Enter the Abyss, Brand Weapon
With Distortion, Renounce Religion


You were on level 11 of the Dungeon.
You worshipped Lugonu.
Lugonu was exalted by your worship.
You were not hungry.

You visited 3 branches of the dungeon, and saw 18 of its levels.
You visited the Abyss 1 time.
You also visited: Ice Cave.

You collected 1485 gold pieces.

Inventory:

Hand Weapons
 a - a +0 quarterstaff of speed
 b - a +1 shortbow of flaming
 T - a +0 quarterstaff of freezing (weapon)
Missiles
 m - 84 bolts
 q - 27 poisoned darts (quivered)
 v - 412 arrows
 J - 7 boomerangs of dispersal
 S - a throwing net
 W - 6 curare-tipped darts
Armour
 r - a cursed +0 pair of gloves (worn)
 w - the +8 chain mail of the Griffon (worn) {rF+ rC+}
   (You found it on level 9 of the Dungeon)

   It protects you from fire.
   It protects you from cold.
 H - a +2 hat (worn)
 Z - a scarf of cloud immunity (worn)
Jewellery
 f - an uncursed ring of ice
 o - a +3 ring of evasion (left hand)
 z - an uncursed ring of stealth
 F - an amulet of regeneration (around neck)
 L - an uncursed ring of protection from fire
 M - a +2 ring of evasion (right hand)
Wands
 d - a wand of disintegration (18)
 k - a wand of random effects (83)
 p - a wand of digging (5)
 t - a wand of scattershot (1)
 y - a wand of flame (17)
 A - a wand of iceblast (38)
 O - a wand of enslavement (27)
Scrolls
 e - 6 scrolls of remove curse
 h - 12 scrolls of teleportation
 i - 3 scrolls of blinking
 n - 4 scrolls of fog
 x - 2 scrolls of fear
 B - a scroll of amnesia
 E - 2 scrolls of immolation
 I - a scroll of magic mapping
 K - 2 scrolls of brand weapon
 Q - a scroll of summoning
 X - 4 scrolls of enchant weapon
 Y - 2 scrolls of identify
Potions
 g - 5 potions of curing
 j - 2 potions of resistance
 s - 8 potions of brilliance
 u - a potion of agility
 D - 4 potions of flight
 G - 4 potions of might
 N - a potion of degeneration
 P - 2 potions of haste
 R - 2 potions of magic
 U - a potion of ambrosia
 V - a potion of mutation
Miscellaneous
 C - a sack of spiders
Comestibles
 c - 32 rations


   Skills:
 - Level 15.0 Fighting
   Level 7.1(10.5) Maces & Flails
   Level 3.0(8.4) Polearms
 * Level 11.9(12.8) Staves
 - Level 9.1 Armour
 + Level 4.5 Dodging
 + Level 11.8 Invocations


You had 13 spell levels left.
You didn't know any spells.
Your spell library contained the following spells:

 Spells                   Type           Power        Failure   Level  Hunger
 Apportation              Tloc           #.....       97%         1    ##.....
 Confusing Touch          Hex            #.....       97%         1    ##.....
 Sting                    Conj/Pois      #...         97%         1    ##.....
 Summon Butterflies       Summ           #.......     97%         1    ##.....
 Throw Frost              Conj/Ice       #.....       99%         2    ###....
 Confuse                  Hex            #.......     100%        3    ####...
 Gell's Gravitas          Tloc           #.........   100%        3    ####...
 Lesser Beckoning         Tloc           #.........   100%        3    ####...
 Tukima's Dance           Hex            #.......     100%        3    ####...
 Petrify                  Tmut/Erth      #.......     100%        4    #####..
 Alistair's Intoxication  Tmut/Pois      #.......     100%        5    ######.
 Iskenderun's Battlesphe  Conj/Chrm      #.......     100%        5    ######.
 Metabolic Englaciation   Hex/Ice        #.........   100%        5    ######.
 Yara's Violent Unravell  Hex/Tmut       #.........   100%        5    ######.
 Bolt of Cold             Conj/Ice       #.........   100%        6    #######
 Freezing Cloud           Conj/Ice/Air   #.........   100%        6    #######
 Invisibility             Hex            #.......     100%        6    #######
 Iron Shot                Conj/Erth      #.........   100%        6    #######
 Ozocubu's Refrigeration  Ice            #.........   100%        6    #######
 Simulacrum               Ice/Necr       #.........   100%        6    #######
 Ice Form                 Ice/Tmut       Unusable     N/A         4    N/A

Dungeon Overview and Level Annotations

Branches:
Dungeon (11/15)            Temple (0/1) D:7            Lair (6/6) D:11
 Shoals (0/4) Lair:2       Spider (0/4) Lair:4        Slime (0/5) Lair:5
    Orc (1/2) D:11          IceCv (visited)

Altars:
Ashenzari
Cheibriados
Makhleb
Okawaru
Trog
Vehumet
Wu Jian
Yredelemnul

Shops:
D:5 !   D:10 :

Annotations:
D:3 Grinder
Lair:4 exclusion: oklob plant
Abyss:1 Harold, Nergalle


Innate Abilities, Weirdness & Mutations

Your body is rotting away.
You thrive on raw meat.
You are immune to poison.
You have sharp fingernails.
You are carnivorous and can eat meat at any time.
Your flesh is cold resistant. (rC+)
You are immune to negative energy. (rN+++)
You do not regenerate when monsters are visible.
You are immune to unholy pain and torment.
You can survive without breathing.


Message History

Lugonu claims a new guest.
You feel somewhat more hungry. The orc warrior closely misses you.
The orc warrior hits you with a +0 battleaxe!
* * * LOW HITPOINT WARNING * * *
Unknown command.
You barely miss the orc warrior.
You hit the orc warrior but do no damage.
The orc warrior hits you but does no damage.
The orc warrior hits you with a +0 battleaxe!
* * * LOW HITPOINT WARNING * * *
You hit the orc warrior but do no damage.
You closely miss the orc warrior.
The orc warrior no longer looks unusually strong.
The orc warrior hits you but does no damage.
Blink to where?
Press: ? - help, Dir - move target cursor You are very lightly contaminated with residual magic.
As you read the scroll of blinking, it crumbles to dust.
The orc warrior throws a boomerang.
The boomerang hits you!
You die...

.........######.........#
........##......##......#
.......######...........#
....).###...............#
.....##..÷#####..##.#...#
''####..#######.###.#...#
..# #.###......# #.#####
..####.###.########.#
...#.......#....@...#
##)..[....#.....#####
.................#
##...............#
#........)......#
#........#.....##
#########...o)..#
#..o§...# #..§§...#


You could see 2 orc warriors.

Vanquished Creatures
  An entropy weaver (Lair:4)
  Fannar (Lair:2)
  A catoblepas (Lair:4)
  Erica (Lair:2)
  A queen ant (Lair:5)
  A deep elf knight (Orc:1)
  An unseen horror (D:11)
  Pikel (D:5)
  2 ugly things
  An oklob plant (Lair:2)
  3 deep elf magi
  9 elephants
  2 ice statues (IceCv)
  3 black mambas
  Joseph (D:7)
  2 gargoyles (D:11)
  20 spiny frogs
  A torpor snail (Lair:5)
  A rime drake (Lair:4)
  7 komodo dragons
  5 trolls
  4 tyrant leeches (Lair:6)
  20 blink frogs
  7 hippogriffs
  2 redbacks (Lair:4)
  36 yaks
  3 wyverns
  A basilisk (Lair:6)
  A wraith (D:11)
  6 vampire mosquitoes (Lair:6)
  A warg (D:11)
  13 water moccasins
  7 soldier ants
  14 porcupines
  2 phantoms
  Duvessa (D:5)
  A sky beast (D:9)
  2 orc warriors (D:9)
  A black bear (D:9)
  18 ice beasts
  4 necrophages
  46 wolves
  4 ogres
  21 crocodiles
  12 centaurs
  2 big kobolds
  A gnoll sergeant (D:9)
  24 bullfrogs
  Dowan (D:5)
  4 scorpions
  5 wights (D:9)
  An electric eel (Lair:6)
  A bullfrog zombie (D:5)
  2 crimson imps
  6 hounds
  15 jellies
  10 orc wizards
  A quasit (D:11)
  2 bullfrog skeletons
  8 orc priests
  A centaur skeleton (D:10)
  An iguana (D:7)
  Ijyb (D:3)
  29 worker ants
  A hound skeleton (D:5)
  3 worker ant zombies
  A howler monkey skeleton (D:9)
  8 gnolls
  11 adders
  4 shadow imps
  12 oozes
  3 adder skeletons
  A worm (D:2)
  2 dart slugs (D:1)
  7 leopard geckos
  37 orcs
  A ball python (D:2)
  10 bats
  3 giant cockroaches
  7 goblins
  8 hobgoblins
  25 jackals
  4 quokkas
  6 frilled lizards
  12 kobolds
  A leopard gecko skeleton (D:7)
  A leopard gecko zombie (D:7)
  7 rats
582 creatures vanquished.

Vanquished Creatures (others)
  An entropy weaver (Lair:4)
  4 hydras
  An orc high priest (Orc:1)
  An orc knight (D:11)
  A deep elf mage (Orc:1)
  A spiny frog (Lair:6)
  An ogre (D:6)
  A quokka (D:6)
  27 fungi
  37 plants
75 creatures vanquished.

Grand Total: 657 creatures vanquished

Notes
Turn   | Place    | Note
-------+----------+-------------------------------------------
     0 | Abyss:1  | MrRokkomies the Ghoul Abyssal Knight began the quest for
                  | the Orb.
     0 | Abyss:1  | Reached XP level 1. HP: 19/19 MP: 1/1
    29 | Abyss:2  | Got a steaming chain mail
    40 | Abyss:2  | Identified the +2 chain mail "Jizeymim" {Slay+2} (You found
                  | it on level 2 of the Abyss)
    40 | D:1      | Escaped the Abyss
   116 | D:1      | Reached * piety under Lugonu
   116 | D:1      | Reached XP level 2. HP: 22/26 MP: 2/2
   185 | D:1      | Reached XP level 3. HP: 24/33 MP: 3/3
  1051 | D:2      | Reached XP level 4. HP: 29/40 MP: 4/4
  1084 | D:2      | Reached ** piety under Lugonu
  1084 | D:2      | Reached skill level 4 in Fighting
  1261 | D:2      | Reached XP level 5. HP: 38/47 MP: 6/6
  1766 | D:3      | Found an iron altar of Okawaru.
  1770 | D:3      | Found a shattered altar of Ashenzari.
  1772 | D:3      | Found a snail-covered altar of Cheibriados.
  1942 | D:3      | Noticed Grinder
  1947 | D:3      | Paralysed by Grinder for 5 turns
  1999 | D:4      | Reached XP level 6. HP: 25/55 MP: 7/7
  2071 | D:4      | Reached skill level 5 in Fighting
  2194 | D:3      | Reached *** piety under Lugonu
  2211 | D:3      | Found an iron altar of Okawaru.
  2219 | D:3      | Noticed Ijyb
  2233 | D:3      | Killed Ijyb
  2611 | D:3      | Paralysed by Grinder for 3 turns
  2658 | D:5      | Entered Level 5 of the Dungeon
  2992 | D:5      | Noticed a phantom
  3037 | D:5      | Killed a phantom
  3037 | D:5      | Reached XP level 7. HP: 29/62 MP: 8/8
  3404 | D:5      | Found Cinneacs's Distillery.
  3500 | D:5      | Noticed Duvessa
  3500 | D:5      | Noticed Dowan
  3525 | D:5      | Killed Duvessa
  3525 | D:5      | Reached skill level 6 in Fighting
  3554 | D:5      | Killed Dowan
  3810 | D:5      | Reached skill level 5 in Maces & Flails
  3810 | D:5      | Reached XP level 8. HP: 54/70 MP: 10/10
  4189 | D:6      | Noticed Pikel
  4216 | D:5      | Killed Pikel
  4216 | D:5      | Reached skill level 7 in Fighting
  4480 | D:6      | Found a radiant altar of Vehumet.
  4516 | D:6      | Reached skill level 5 in Invocations
  4822 | D:6      | Found a burning altar of Makhleb.
  4833 | D:6      | Reached XP level 9. HP: 72/80 MP: 11/11
  4882 | D:6      | Found a basalt altar of Yredelemnul.
  5471 | D:7      | Reached **** piety under Lugonu
  5471 | D:7      | Reached skill level 8 in Fighting
  5840 | D:7      | Found a staircase to the Ecumenical Temple.
  6231 | D:7      | Noticed Joseph
  6245 | D:7      | Killed Joseph
  6245 | D:7      | Reached skill level 5 in Armour
  6556 | D:7      | Reached skill level 9 in Fighting
  6556 | D:7      | Reached skill level 1 in Polearms
  6647 | D:8      | Found an ornate altar of the Wu Jian Council.
  6707 | D:9      | Reached skill level 1 in Staves
  6717 | D:9      | Reached XP level 10. HP: 40/91 MP: 13/13
  6815 | D:9      | Got a topaz-encrusted chain mail
  6924 | D:9      | Identified the +8 chain mail of the Griffon {rF+ rC+} (You
                  | found it on level 9 of the Dungeon)
  6978 | D:9      | Found a bloodstained altar of Trog.
  7167 | D:9      | Reached ***** piety under Lugonu
  7390 | D:9      | Reached skill level 10 in Fighting
  8239 | D:10     | Entered Level 10 of the Dungeon
  8239 | D:10     | Found Fydepp's Book Boutique.
  8539 | D:10     | Reached XP level 11. HP: 73/101 MP: 15/15
  8877 | D:10     | Reached skill level 5 in Staves
  8902 | D:11     | Found a staircase to the Lair.
  8915 | D:10     | Reached skill level 11 in Fighting
  9262 | D:11     | Found a staircase to the Orcish Mines.
  9350 | D:11     | Noticed a green ugly thing
  9376 | D:11     | Killed a green ugly thing
  9605 | D:11     | Noticed Harold
  9611 | D:11     | Banished Harold
  9629 | D:11     | Killed an unseen horror
  9906 | Lair:1   | Entered Level 1 of the Lair of Beasts
 10032 | Lair:1   | Noticed a five-headed hydra
 10047 | Lair:1   | Banished a five-headed hydra
 10047 | Lair:1   | Reached skill level 12 in Fighting
 10052 | Lair:1   | Reached XP level 12. HP: 94/112 MP: 12/17
 10101 | Lair:1   | Found a frozen archway.
 10185 | IceCv    | Entered an ice cave
 10300 | IceCv    | Found a transporter.
 10392 | IceCv    | Found a transporter.
 10592 | IceCv    | Identified the Collected Works on Confrontation and Poison
 11452 | Lair:2   | Noticed Fannar
 11495 | Lair:2   | Killed Fannar
 11638 | Lair:2   | Found a staircase to the Shoals.
 11647 | Lair:2   | Noticed Nergalle
 11659 | Lair:2   | Banished Nergalle
 11689 | Lair:2   | Reached skill level 13 in Fighting
 11891 | Lair:2   | Noticed Erica
 11914 | Lair:2   | Killed Erica
 12501 | Lair:3   | Reached ****** piety under Lugonu
 12507 | Lair:3   | Reached XP level 13. HP: 85/122 MP: 19/19
 12691 | Lair:3   | Reached skill level 10 in Invocations
 13356 | Lair:4   | Found a hole to the Spider Nest.
 13645 | Lair:4   | Reached skill level 14 in Fighting
 14495 | Lair:5   | Noticed an entropy weaver
 14495 | Lair:5   | Noticed an entropy weaver
 14658 | Lair:4   | Banished an entropy weaver
 14671 | Lair:4   | Killed an entropy weaver
 14671 | Lair:4   | Reached skill level 10 in Staves
 14855 | Lair:5   | Found a staircase to the Slime Pits.
 15658 | Lair:5   | Reached skill level 1 in Dodging
 15746 | Lair:5   | Reached XP level 14. HP: 27/133 MP: 21/21
 15855 | Lair:6   | Entered Level 6 of the Lair of Beasts
 16101 | Lair:6   | Reached skill level 15 in Fighting
 17481 | Orc:1    | Entered Level 1 of the Orcish Mines
 17495 | Orc:1    | Identified the cursed +1 chain mail "Gillov" {+Blink rN+++
                  | MR-}
 17553 | D:11     | HP: 2/135 [orc warrior/+0 battleaxe (17)]
 17556 | D:11     | Hit by a boomerang thrown by an orc warrior

Levels and vault maps discovered:
D:1:      dpeg_arrival_lava_temple_mockup, layout_basic
D:2:      layout_loops_ring
D:3:      layout_basic, grunt_temple_overflow_open, okawaru_trees_2,
          uniq_grinder, uniq_ijyb
D:4:      minmay_inner_zag, layout_loops_cross, zin_purify, nrook_loot_triangle,
          minmay_fire_ice_demons
D:5:      layout_basic, first_ration, kennysheep_small_circle, uniq_duvessa
D:6:      layout_cave_pools, vehumet_altar_wand_db, marbit_many_paths,
          bloody_makhleb, chequers_serial_rivers_micro_d, uniq_pikel
D:7:      layout_basic, minmay_temple_entry_mist, uniq_joseph
D:8:      minmay_cut_squares, layout_basic, regret_index_temple_of_mockery,
          kennysheep_mini, david_nohive_1, uniq_gastronok
D:9:      hangedman_cross_cluster, layout_long_grid
D:10:     layout_basic, serial_shops, nicolae_shop_waterfront
D:11:     kennysheep_big_flooded_room, layout_rooms, minmay_lair_entry_grove,
          nicolae_straight_to_the_point, uniq_harold
Lair:1:   layout_chaotic_city, portal_ice_cave_entry_ice_beasts, minmay_holes,
          chequers_serial_rivers_micro_a, chequers_serial_rivers_micro_b,
          grunt_forest_stairs_basic
Lair:2:   lemuel_slime, layout_gridlike, minmay_shoals_entry_centaurs,
          lemuel_another_geyser, uniq_fannar, uniq_nergalle, uniq_erica
Lair:3:   layout_roguey, grunt_forest_large_clearings
Lair:4:   layout_roguey, spider_nest_entry_webs,
          eino_small_chamber_without_monster, minmay_lair_oklob_chamber,
          grunt_megastairs_2, lemuel_fruit_fields
Lair:5:   layout_small_grid, slime_dummy, minmay_another_anthill,
          grunt_megastairs_1
Lair:6:   minmay_lair_end_frog_pond, layout_gridlike
Orc:1:    layout_diamond_mine, elf_legates, uniq_jorgrun

Skill      XL: |  1  2  3  4  5  6  7  8  9 10 11 12 13 14 |
---------------+-------------------------------------------+-----
Maces & Flails | 2 3 4 5 6 7 |  7.1
Armour         | 2 3 4 5 6 7 8 9 |  9.1
Fighting       | 4 5 6 7 9 10 12 13 14 15 | 15.0
Invocations    | 3 4 5 6 7 8 9 10 11 | 11.8
Polearms       | 2 3 |  3.0
Staves         | 1 4 6 8 10 11 | 11.9
Dodging        | 1 4 |  4.5

Action                   |  1- 3 |  4- 6 |  7- 9 | 10-12 | 13-15 || total
-------------------------+-------+-------+-------+-------+-------++-------
Melee: Mace              |   122 |   176 |       |       |       ||   298
       Morningstar       |       |   119 |   290 |       |       ||   409
       Quarterstaff      |       |       |    59 |  1349 |  1235 ||  2643
Throw: Dart              |       |       |       |     4 |       ||     4
Invok: Depart the Abyss  |     1 |       |       |       |       ||     1
       Banish            |       |       |       |     4 |    13 ||    17
Evoke: Wand              |       |       |     1 |     4 |       ||     5
  Use: Scroll            |     6 |     3 |    10 |    15 |     3 ||    37
       Potion            |       |     1 |     3 |     6 |       ||    10
 Stab: Invisible         |       |       |       |     2 |       ||     2
  Eat: Chunk             |     4 |    38 |    34 |    78 |   158 ||   312
Armor: Chain mail        |   143 |   238 |   279 |   938 |   731 ||  2329
Dodge: Dodged            |    79 |   108 |   219 |   968 |   940 ||  2314

Table legend:
 A = Non-vault XP
 B = Vault XP
 C = Vault XP percentage of total XP
 D = Non-vault monster count
 E = Vault monster count
 F = Vault count percentage of total count
                 A         B        C        D         E       F
            +---------+---------+-------+---------+---------+-------
      Total |   41069 |   39682 |  49.1 |     380 |     215 |  36.1
            +---------+---------+-------+---------+---------+-------
        D:1 |      60 |       0 |   0.0 |      23 |       0 |   0.0
        D:2 |     136 |       0 |   0.0 |      33 |       0 |   0.0
        D:3 |     140 |      36 |  20.5 |      33 |       1 |   2.9
        D:4 |      57 |       0 |   0.0 |       7 |       0 |   0.0
        D:5 |     488 |    1039 |  68.0 |      17 |       5 |  22.7
        D:6 |     555 |       2 |   0.4 |      23 |       1 |   4.2
        D:7 |    1225 |     434 |  26.2 |      37 |       1 |   2.6
        D:9 |    2182 |    1718 |  44.1 |      35 |      22 |  38.6
       D:10 |    2228 |    1642 |  42.4 |      15 |      12 |  44.4
       D:11 |    3444 |    2728 |  44.2 |      25 |       7 |  21.9
     Lair:1 |    4097 |    1051 |  20.4 |      21 |       8 |  27.6
     Lair:2 |    2250 |    3882 |  63.3 |      15 |      28 |  65.1
     Lair:3 |    3858 |    3789 |  49.5 |      14 |      30 |  68.2
     Lair:4 |    5395 |    3505 |  39.4 |      21 |      14 |  40.0
     Lair:5 |    5890 |    2190 |  27.1 |      19 |      21 |  52.5
     Lair:6 |    8763 |   13144 |  60.0 |      41 |      51 |  55.4
      Orc:1 |     301 |    1947 |  86.6 |       1 |       4 |  80.0
      IceCv |       0 |    2575 | 100.0 |       0 |      10 | 100.0
            +---------+---------+-------+---------+---------+-------
